 Dungeon Crawl Stone Soup version 0.27-a0-920-gb2bd10914a (webtiles) character file.

Game seed: 4019201901589570076

307 Lanoc the Changer (level 6, 0/45 HPs)
             Began as a Spriggan Transmuter on Apr 9, 2021.
             Was an Initiate of Wu Jian.
             Slain by Duvessa
             ... wielding a +0 rapier
              (4 damage)
             ... on level 4 of the Dungeon.
             The game lasted 00:04:52 (3431 turns).

Lanoc the Changer (Spriggan Transmuter)             Turns: 3431, Time: 00:04:52

Health: 0/45       AC: 23    Str:  6    XL:     6   Next: 16%
Magic:  11/11      EV:  4    Int: 16    God:    Wu Jian [......]
Gold:   160        SH:  0    Dex: 16    Spells: 7/10 levels left

rFire    . . .     SeeInvis +     - Unarmed
rCold    . . .     Faith    .   (shield restricted)
rNeg     + + +     Spirit   .   (armour currently unavailable)
rPois    +         Reflect  .   (helmet currently unavailable)
rElec    .         Harm     .   (cloak currently unavailable)
rCorr    .         Rampage  .   (gloves unavailable)
Will     +....     NoTele   +   (boots unavailable)
Stlth    +.........             g - amulet of magic regeneration
HPRegen  0.15/turn              (no ring)
MPRegen  0.37/turn              (no ring)

@: tree-form, wereblooded
A: stationary, stasis, torment immunity, boosted hp, very small, no large
weapons, unfitting armour, see invisible, (speed 3)
a: Renounce Religion


You were on level 4 of the Dungeon.
You worshipped Wu Jian.
Wu Jian was noncommittal.
You were a tree.
You visited 2 branches of the dungeon, and saw 5 of its levels.

You collected 160 gold pieces.

Inventory:

Missiles
 k - 3 curare-tipped darts
Armour
 a - a +0 robe (melded)
Jewellery
 g - an amulet of magic regeneration (around neck)
Wands
 e - a wand of iceblast (1)
Scrolls
 b - 5 scrolls of identify {unknown}
 c - a scroll of immolation {unknown}
 d - 2 scrolls of vulnerability {unknown}
 h - a scroll of torment {unknown}
 i - a scroll of teleportation {unknown}
 j - a scroll of blinking {unknown}
 l - a scroll of fear {unknown}
Potions
 f - a potion of ambrosia


   Skills:
 + Level 2.2 Fighting
 + Level 4.5 Dodging
 + Level 3.3 Unarmed Combat
 - Level 2.6 Spellcasting
 * Level 5.9 Transmutations


You had 7 spell levels left.
You knew the following spells:

 Your Spells              Type           Power      Damage    Failure   Level
g - Wereblood             Tmut           21%        N/A       2%          2
h - Beastly Appendage     Tmut           42%        N/A       1%          1

Your spell library contained the following spells:

 Spells                   Type           Power      Damage    Failure   Level
 Spider Form              Tmut/Pois      5%         N/A       17%         3
 Hydra Form               Tmut           10%        N/A       43%         5
 Ice Form                 Ice/Tmut       11%        N/A       50%         4


Dungeon Overview and Level Annotations

Branches:
Dungeon (4/15)             Temple (1/1) D:4

Altars:
Cheibriados
Dithmenos
Elyvilon
Fedhas
Gozag
Kikubaaqudgha
Makhleb
Nemelex Xobeh
Okawaru
Trog
Uskayaw
Wu Jian
Zin
The Shining One

Annotations:
D:4 1 runed translucent door, Dowan, Duvessa


Innate Abilities, Weirdness & Mutations

You are a tree.
Your roots penetrate the ground, keeping you stationary.
You cannot be teleported.
You are immune to unholy pain and torment.
Your maximum health is greatly increased.
Your equipment is partially melded.
You are very small and have problems with some larger weapons.
You are too small for most types of armour.
You have supernaturally acute eyesight. (SInv)
((You cover ground extremely quickly. (Speed+++)))


Message History

Dowan casts a spell.
Dowan blinks!
You hit Duvessa.
Duvessa is moderately wounded.
Duvessa misses you.
You bump into the rock wall.
You howl as the wereblood boils in your veins!
Duvessa barely misses you. x2
You bump into the rock wall.
You howl as the wereblood boils in your veins!
Duvessa closely misses you.
You closely miss Duvessa.
Duvessa is moderately wounded.
You feel less invigorated.
You feel less confused. Duvessa barely misses you.
Duvessa hits you with a +0 rapier!
Ouch! That really hurt!
You howl as the wereblood boils in your veins!
Duvessa says, "Beauty is only skin deep, and my weapons penetrate much further than that."
It was a potion of lignification.
Your horns disappear.
Your talons disappear.
You turn into a tree.
Your +0 robe melds into your body.
Your roots penetrate the ground.
Duvessa hits you but does no damage.
You hit Duvessa.
Duvessa is heavily wounded.
Duvessa hits you with a +0 rapier.
* * * LOW HITPOINT WARNING * * *
You smack Duvessa!
Duvessa is severely wounded.
Duvessa hits you but does no damage. x2
You hit Duvessa.
Duvessa is severely wounded.
Duvessa hits you with a +0 rapier.
* * * LOW HITPOINT WARNING * * *
You hit Duvessa but do no damage.
Duvessa is severely wounded.
Duvessa hits you with a +0 rapier!
* * * LOW HITPOINT WARNING * * *
Duvessa hits you with a +0 rapier.
You die...

#.##...#.8.#...###.#########
#....#.......#...#.#
#..#...8.>.8...#.#.#
>....#.......#...#.#
####...#.8.#...#...#
###.........###.#
#..#.#........#
#.......###.### #.#.#.(.#
#♣# .........# #e#
#####..#### #e# ≈≈≈#..( #.#
≈≈≈+...######.#
≈≈≈#....e.....#
######.##.##### #. #<# #.
#.#


You could see Duvessa (fast) and Dowan.

Vanquished Creatures
  An orc warrior (D:4)
  A bullfrog (D:4)
  An iguana (D:3)
  2 orc wizards (D:4)
  An adder (D:2)
  A worm (D:2)
  2 dart slugs
  An orc (D:4)
  3 ball pythons
  An endoplasm (D:2)
  A giant cockroach (D:4)
  6 goblins
  7 hobgoblins
  9 jackals
  10 kobolds
  3 quokkas
  3 bats
  4 frilled lizards
  3 rats
60 creatures vanquished.

Vanquished Creatures (others)
  A scorpion (D:4)
  An adder (D:4)
  An orc (D:4)
  A giant cockroach (D:4)
  A hobgoblin (D:4)
  A quokka (D:4)
  2 goblins (D:4)
8 creatures vanquished.

Grand Total: 68 creatures vanquished

Notes
Turn   | Place    | Note
-------+----------+-------------------------------------------
     0 | D:1      | Lanoc the Spriggan Transmuter began the quest for the Orb.
     0 | D:1      | Reached XP level 1. HP: 9/9 MP: 5/5
   136 | D:1      | Reached skill level 3 in Transmutations
   178 | D:1      | Reached skill level 1 in Fighting
   204 | D:1      | Reached XP level 2. HP: 14/14 MP: 4/6
   581 | D:1      | Learned a level 2 spell: Wereblood
   817 | D:2      | Reached XP level 3. HP: 15/18 MP: 5/8
  1083 | D:2      | Reached skill level 4 in Transmutations
  1968 | D:3      | Found a shadowy altar of Dithmenos.
  2029 | D:3      | Reached XP level 4. HP: 4/22 MP: 6/9
  2968 | D:4      | Killed a scorpion
  2971 | D:4      | Noticed an orc warrior
  2990 | D:4      | Killed an orc warrior
  2991 | D:4      | Reached skill level 5 in Transmutations
  2991 | D:4      | Reached XP level 5. HP: 13/26 MP: 10/10
  3207 | D:4      | Found a staircase to the Ecumenical Temple.
  3217 | D:4      | Found a runed translucent door.
  3233 | Temple   | Entered the Ecumenical Temple
  3319 | Temple   | Became a worshipper of the Wu Jian Council
  3399 | D:4      | Noticed Dowan
  3401 | D:4      | Noticed Duvessa
  3408 | D:4      | Reached XP level 6. HP: 28/30 MP: 11/11
  3431 | D:4      | Slain by Duvessa

Illustrated notes

Levels and vault maps discovered:
D:1:      scummos_arrival_simple_fountains, layout_rooms
D:2:      layout_loops_ring, minmay_misc_feat_pillars
D:3:      layout_basic, grunt_dithmenos_smoke_and_mirrors,
          chequers_hall_statues_wall_a
D:4:      layout_loops_corners, gammafunk_temple_overflow_statue,
          xom_confusion_cloud, minmay_temple_entry_sparse_star,
          ebering_ghost_sewer_f, uniq_duvessa, uniq_sigmund, uniq_eustachio,
          uniq_pikel, uniq_edmund
Temple:   cyrus_circular_temple

Skill      XL: |  1  2  3  4 |
---------------+-------------+-----
Transmutations | 3 4 5 |  5.9
Fighting       | 1 2 |  2.2
Dodging        | 3 4 |  4.5
Unarmed Combat | 3 |  3.3
Spellcasting   | |  2.6

Action                   |  1- 3 |  4- 6 || total
-------------------------+-------+-------++-------
Melee: Unarmed           |   131 |    54 ||   185
       Kick              |    18 |    12 ||    30
       Headbutt          |    17 |     7 ||    24
       Punch             |     1 |       ||     1
 Cast: Beastly Appendage |    31 |    12 ||    43
       Wereblood         |     6 |     4 ||    10
Invok: Lunge             |       |     1 ||     1
Evoke: Wand              |     1 |     4 ||     5
  Use: Potion            |       |     2 ||     2
 Stab: Sleeping          |     1 |     1 ||     2
Armor: Robe              |    12 |     3 ||    15
       Skin              |       |     3 ||     3
Dodge: Dodged            |   101 |    38 ||   139

Table legend: (Time is in decaauts)
 A = Elapsed time spent in this place.
 B = Non-inter-level travel time spent in this place.
 C = Inter-level travel time spent in this place.
 D = Time resting spent in this place.
 E = Time spent auto-exploring this place.
 F = Levels seen in this place.
 G = Mean time per level.
                   A        B        C        D        E       F      G
               +--------+--------+--------+--------+--------+-----+--------+
         Total |   2709 |   2672 |     37 |      0 |   2228 |   5 |  541.8 |
       Dungeon |   2641 |   2613 |     28 |      0 |   2182 |   4 |  660.2 |
        Temple |     68 |     60 |      8 |      0 |     46 |   1 |   68.0 |
               +--------+--------+--------+--------+--------+-----+--------+

Top non-repeatable levels by time:
     D:2: 909 daAuts
     D:3: 773 daAuts
     D:1: 620 daAuts
     D:4: 338 daAuts
  Temple: 68 daAuts
